 Dungeon Crawl Stone Soup version 0.31-a0-963-ga325b2283a (webtiles) character file.

Game seed: 15562223864366385544

91 Forgeling the Grave Robber (level 4, -4/30 HPs)
             Began as a Mummy Necromancer on Oct 24, 2023.
             Killed by divine providence
             ... invoked by an orc priest
              (15 damage)
             ... on level 3 of the Dungeon.
             The game lasted 00:03:11 (2115 turns).

Forgeling the Grave Robber (Mummy Necromancer)      Turns: 2115, Time: 00:03:11

Health: -4/30      AC:  3    Str: 11    XL:     4   Next: 33%
Magic:  8/8        EV: 12    Int: 16    God:
Gold:   61         SH:  0    Dex: 12    Spells: 4/8 levels left

rFire   x . .        d - +2 dagger (venom)
rCold   + . .        (no shield)
rNeg    + + +        a - +0 robe
rPois   ∞            (no helmet)
rElec   .            (no cloak)
rCorr   .            (no gloves)
SInv    .            e - +0 pair of boots
Will    .....        (no amulet)
Stlth   ++           (no ring)
HPRegen 0.25/turn    (no ring)
MPRegen 0.11/turn

%: faith
@: no status effects
A: cold resistance 1, negative energy resistance 3, torment resistance 2, heat
vulnerability 1, in touch with death 1, no potions, faith
a: no special abilities


You were on level 3 of the Dungeon.
You visited 1 branch of the dungeon, and saw 3 of its levels.

You collected 61 gold pieces.

Inventory:

Hand Weapons
 c - a +2 dagger of freezing
 d - a +2 dagger of venom (weapon)
Missiles
 t - 2 poisoned darts
Armour
 a - a +0 robe (worn)
 e - a +0 pair of boots (worn)
Magical Staves
 g - a staff of conjuration
Wands
 q - a wand of flame (22)
Scrolls
 b - a scroll of identify {unknown}
 f - a scroll of enchant weapon {unknown}


   Skills:
 - Level 1.5 Dodging
 - Level 1.5 Stealth
 - Level 2.6 Spellcasting
 + Level 5.9 Necromancy


You had 4 spell levels left.
You knew the following spells:

 Your Spells              Type           Power      Damage    Failure   Level
a - Necrotise             Necr           100%       1d9       1%          1
s - Vampiric Draining     Necr           31%        2d8       5%          3

Your spell library contained the following spells:

 Spells                   Type           Power      Damage    Failure   Level
 Animate Dead             Necr           31%        N/A       17%         4
 Agony                    Necr           31%        N/A       43%         5


Dungeon Overview and Level Annotations

Branches:
Dungeon (3/15)

Altars:
Dithmenos

Annotations:
D:2 1 exclusion


Innate Abilities, Weirdness & Mutations

You are immune to poison.
Your flesh is cold resistant. (rC+)
You are immune to negative energy. (rN+++)
You are immune to unholy pain and torment.
You are vulnerable to heat. (rF-)
You are in touch with the powers of death.
You do not drink.
You have a special connection with the divine. (Faith)


Message History

2 orcs come into view.
The orc shouts!
You hear an angry hiss.
An orc comes into view. It is wielding a +0 club.
You see here the +2 pair of boots of the Serpent {Str+2}.
An orc comes into view. It is wielding a +0 hand axe.
The orc shouts!
There is an escape hatch in the ceiling here.
There is an escape hatch in the ceiling here.
You hit the orc.
The orc is poisoned.
The orc is moderately wounded.
Unknown command.
The orc attacks as it pursues you!
You kill the orc! a +0 whip; a kobold corpse You hit the orc but do no damage.
The orc is poisoned.
The orc hits you with a +0 morningstar!
An orc comes into view. It is wielding a +0 hand axe.
You are too injured to fight recklessly!
You see here a quokka corpse.
There is a stone staircase leading up here.
You hit the orc.
You kill the orc!
You hit the orc.
The orc is poisoned.
The orc is moderately wounded.
The orc shouts!
You hit the kobold.
The kobold is poisoned.
The kobold is moderately wounded.
You hear a shout!
You hear an angry hiss.
You kill the orc!
The kobold hits you with a +2 dagger of venom.
You closely miss the kobold.
The kobold is severely wounded.
The kobold hits you with a +2 dagger of venom.
An orc priest comes into view. It is wielding a +0 dagger.
The kobold hits you with a +2 dagger of venom.
* * * LOW HITPOINT WARNING * * *
The orc priest calls down the wrath of Beogh upon you.
Beogh smites you!
Ouch! That really hurt!
You die...

#.......<..o.........
##.....o..o..........
##....)#............
#########o##.##.........
#........o##.##.........
#.........##.##.........
#......o..##.##.........
#<....Koo.##.##........
#......@..# .#
#.........# #.........#
#.........# #.........#
#.........# ######....#
...... .......


You could see an orc priest, 5 orcs and a kobold (very poisoned).

Vanquished Creatures
  4 adders
  2 worms
  3 orcs (D:3)
  2 endoplasms (D:1)
  3 giant cockroaches
  2 hobgoblins
  4 quokkas
  7 ball pythons
  5 bats
  A frilled lizard (D:1)
  5 goblins
  2 kobolds
  6 rats
46 creatures vanquished.

Vanquished Creatures (collateral kills)
  A goblin (D:1)
1 creature vanquished.

Vanquished Creatures (others)
  A hobgoblin (D:2)
1 creature vanquished.

Grand Total: 48 creatures vanquished

Notes
Turn   | Place    | Note
-------+----------+-------------------------------------------
     0 | D:1      | Forgeling the Mummy Necromancer began the quest for the
                  | Orb.
     0 | D:1      | Reached XP level 1. HP: 13/13 MP: 4/4
   160 | D:1      | Found a faded altar of an unknown god.
   242 | D:1      | Reached XP level 2. HP: 16/19 MP: 1/5
   779 | D:1      | Reached skill level 5 in Necromancy
   818 | D:1      | Reached XP level 3. HP: 24/24 MP: 7/7
  1081 | D:2      | Learned a level 3 spell: Vampiric Draining
  1684 | D:2      | Found a shadowy altar of Dithmenos.
  1777 | D:2      | Reached XP level 4. HP: 15/30 MP: 8/8
  2091 | D:3      | Identified the +2 pair of boots of the Serpent {Str+2}
  2115 | D:3      | Killed from afar by an orc priest

Illustrated notes

Levels and vault maps discovered:
D:1:      onia_arrival_mini_spirals, layout_basic,
          nicolae_ecumenical_lake_church, nicolae_wormholes
D:2:      layout_loops_ring, basic_altar, lemuel_flame_loot_1
D:3:      layout_rooms, marbit_many_paths, minmay_circle_x

Skill      XL: |  1  2 |
---------------+-------+-----
Necromancy     | 5 |  5.9
Dodging        | |  1.5
Stealth        | |  1.5
Spellcasting   | |  2.6

Action                     |  1- 3 |  4- 6 || total
---------------------------+-------+-------++-------
  Melee: Short sword       |     5 |       ||     5
         Dagger            |    45 |    23 ||    68
   Cast: Necrotise         |    29 |     2 ||    31
         Vampiric Draining |       |     1 ||     1
   Stab: Sleeping          |     5 |       ||     5
 Armour: Robe              |    20 |    15 ||    35
  Dodge: Dodged            |    32 |    14 ||    46

Table legend: (Time is in decaauts)
 A = Elapsed time spent in this place.
 B = Non-inter-level travel time spent in this place.
 C = Inter-level travel time spent in this place.
 D = Time resting spent in this place.
 E = Time spent auto-exploring this place.
 F = Levels seen in this place.
 G = Mean time per level.
                   A        B        C        D        E       F      G
               +--------+--------+--------+--------+--------+-----+--------+
         Total |   2113 |   1952 |    161 |     11 |   1573 |   3 |  704.3 |
       Dungeon |   2113 |   1952 |    161 |     11 |   1573 |   3 |  704.3 |
               +--------+--------+--------+--------+--------+-----+--------+

Top non-repeatable levels by time:
     D:1: 1068 daAuts
     D:2: 934 daAuts
     D:3: 110 daAuts
